 Dungeon Crawl Stone Soup version 0.27.1-15-g792fb953b9 (webtiles) character file.

Game seed: 2629417676235194723

35 spaced the Ruffian (level 3, -3/28 HPs)
             Began as a Draconian Transmuter on Nov 19, 2021.
             Slain by an adder (4 damage)
             ... on level 2 of the Dungeon.
             The game lasted 00:06:08 (1294 turns).

spaced the Ruffian (Draconian Transmuter)           Turns: 1294, Time: 00:06:08

Health: -3/28      AC:  5    Str: 12    XL:     3   Next: 17%
Magic:  5/6        EV: 12    Int: 14    God:
Gold:   30         SH:  0    Dex: 11    Spells: 0/6 levels left

rFire    . . .     SeeInvis .     - Unarmed
rCold    . . .     Faith    .   (no shield)
rNeg     . . .     Spirit   .   (armour unavailable)
rPois    .         Reflect  .   (helmet currently unavailable)
rElec    .         Harm     .   (no cloak)
rCorr    .         Rampage  .   (no gloves)
Will     .....                  (boots currently unavailable)
Stlth    +.........             (no amulet)
HPRegen  0.09/turn              (no ring)
MPRegen  0.10/turn              (no ring)

@: appendages (expiring)
A: horns 2, talons 2, AC +5, unfitting armour, cold-blooded
a: End Transformation


You were on level 2 of the Dungeon.
You had temporarily grown beastly horns and talons.
You visited 1 branch of the dungeon, and saw 2 of its levels.

You collected 30 gold pieces.

Inventory:

Magical Staves
 a - a staff of death
Scrolls
 e - 2 scrolls of identify {unknown}
Potions
 b - a potion of attraction {unknown}
 c - a potion of heal wounds {unknown}
 d - a potion of brilliance {unknown}


   Skills:
 + Level 1.1 Fighting
 + Level 2.1 Dodging
 + Level 3.5 Unarmed Combat
 + Level 2.3 Spellcasting
 + Level 2.4 Transmutations


You couldn't memorise any spells.
You knew the following spells:

 Your Spells              Type           Power      Damage    Failure   Level
a - Beastly Appendage     Tmut           16%        N/A       9%          1
b - Wereblood             Tmut           8%         N/A       13%         2
c - Spider Form           Tmut/Pois      2%         N/A       38%         3

Your spell library contained the following spells:

 Spells                   Type           Power      Damage    Failure   Level
 Pain                     Necr           4%         1d4       24%         1
 Corpse Rot               Necr/Air       N/A        N/A       34%         2
 Poisonous Vapours        Pois/Air       2%         N/A       34%         2
 Slow                     Hex            1%         N/A       34%         2
 Sublimation of Blood     Necr           0%         N/A       34%         2
 Confusing Touch          Hex            1%         N/A       56%         3
 Vampiric Draining        Necr           0%         2d6       56%         3
 Ice Form                 Ice/Tmut       5%         N/A       80%         4
 Petrify                  Tmut/Erth      5%         N/A       80%         4
 Alistair's Intoxication  Tmut/Pois      3%         N/A       98%         5
 Irradiate                Conj/Tmut      2%         3d14      98%         5
 Agony                    Necr           1%         N/A       100%        5
 Borgnjor's Vile Clutch   Necr/Erth      0%         N/A       100%        5
 Excruciating Wounds      Necr           0%         N/A       100%        5
 Freezing Cloud           Conj/Ice/Air   0%         6-21      100%        5
 Eringya's Noxious Bog    Tmut/Pois      2%         N/A       100%        6


Dungeon Overview and Level Annotations

Branches:
Dungeon (2/15)

Altars:
Cheibriados

Shops:
D:2 ?


Innate Abilities, Weirdness & Mutations

You have temporarily grown beastly horns and talons.
Your plain brown scales are hard. (AC +5)
You cannot fit into any form of body armour.
You are cold-blooded and may be slowed by cold attacks.


Message History

You barely miss the adder.
You feel sick. The adder barely misses you.
Casting: Beastly Appendage (safe; 9% risk of failure)
Confirm with . or Enter, or press ? or * to list all spells.
You grow a pair of large bovine horns.
Your feet morph into talons.
You feel sick. The adder bites you but does no damage.
The adder closely misses you.
You closely miss the adder. You tail-slap the adder.
The adder is heavily wounded.
You feel sick. The adder bites you but does no damage.
You barely miss the adder.
The adder is heavily wounded.
Your transformation is almost over.
You feel sick. The adder misses you.
You hit the adder but do no damage.
The adder is heavily wounded.
You feel sick. The adder barely misses you.
You hit the adder. Your headbutt misses the adder.
The adder is heavily wounded.
You feel sick. The adder barely misses you.
You closely miss the adder. Your kick misses the adder. You headbutt the adder.
The adder is severely wounded.
You feel sick.
You are no longer poisoned.
The adder closely misses you. The adder barely misses you.
Casting: Beastly Appendage (safe; 9% risk of failure)
Confirm with . or Enter, or press ? or * to list all spells.
Okay, then.
Okay, then.
You hit the adder but do no damage. Your kick misses the adder.
Your tail-slap misses the adder.
The adder is severely wounded.
The adder barely misses you.
You hit the adder.
The adder is almost dead.
The adder bites you.
* * * LOW HITPOINT WARNING * * *
You barely miss the adder.
The adder is almost dead.
The adder bites you.
You die...

#######.#.## #..#
#.#.# #..# #.#.# #..#
#.#.# #..# #.#.##
##+#..##########.#...
#................####
#.>.S..........)..<..
#...@# ............#
#....# #############
#....# #.......###
#....# #..........
#..).# #.......###
#....# #.......##.
#....# ####.......##.
#....# #..........##.
#....# #.............


You could see an adder.

Vanquished Creatures
  2 dart slugs
  4 endoplasms
  4 giant cockroaches (D:1)
  5 goblins
  A hobgoblin (D:1)
  2 quokkas
  5 ball pythons (D:1)
  A bat (D:1)
  2 frilled lizards (D:1)
  3 rats
29 creatures vanquished.

Vanquished Creatures (others)
  5 toadstools (D:1)
5 creatures vanquished.

Grand Total: 34 creatures vanquished

Notes
Turn   | Place    | Note
-------+----------+-------------------------------------------
     0 | D:1      | spaced the Draconian Transmuter began the quest for the
                  | Orb.
     0 | D:1      | Reached XP level 1. HP: 16/16 MP: 3/3
    43 | D:1      | Found a faded altar of an unknown god.
   175 | D:1      | Reached XP level 2. HP: 23/23 MP: 3/5
   277 | D:1      | Learned a level 2 spell: Wereblood
   651 | D:2      | Found Reeratt's Magic Scroll Shop.
   862 | D:2      | Reached XP level 3. HP: 24/28 MP: 4/6
   866 | D:2      | Learned a level 3 spell: Spider Form
  1235 | D:2      | Found a snail-covered altar of Cheibriados.
  1293 | D:2      | HP: 1/28 [adder (2)]
  1294 | D:2      | Slain by an adder

Illustrated notes

Levels and vault maps discovered:
D:1:      ldierk_walled_garden, layout_rooms, shapermc_ecumenical_altar_venn
D:2:      layout_basic, serial_shops, shop, basic_altar,
          minmay_misc_feat_nine_boxes, minmay_misc_feat_pillars,
          chequers_serial_rivers_marsh, uniq_robin

Skill      XL: |  1  2 |
---------------+-------+-----
Dodging        | 2 |  2.1
Fighting       | |  1.1
Unarmed Combat | |  3.5
Spellcasting   | |  2.3
Transmutations | |  2.4

Action                   || total
-------------------------++-------
Melee: Unarmed           ||    91
       Kick              ||    10
       Headbutt          ||     8
       Tailslap          ||     5
       Punch             ||     1
 Cast: Beastly Appendage ||    17
Armor: Skin              ||    30
Dodge: Dodged            ||    59
